 Dungeon Sprint DCSS version 0.28-a0-381-g937acc2988 (webtiles) character file.

Game seed: 15793449736678014996

4532 Ankalagon the Warrior (level 10, -10/117 HPs)
             Began as a Naga Berserker on Sept 1, 2021.
             Was an Elder of Trog.
             Mangled by a skeletal warrior (28 damage)
             ... in the Dungeon (Sprint II: "The Violet Keep of Menkaure").
             The game lasted 00:04:42 (1624 turns).

Ankalagon the Warrior (Naga Berserker)              Turns: 1624, Time: 00:04:43

Health: -10/117    AC: 13    Str: 20    XL:     10   Next: 39%
Magic:  10/10      EV:  7    Int:  7    God:    Trog [****..]
Gold:   434        SH:  0    Dex: 14    Spells: 9/9 levels left

rFire   . . .      SeeInvis +   a - +0 spear
rCold   . . .      Faith    .   (no shield)
rNeg    + . .      Spirit   .   j - +2 chain mail {rPois}
rPois   +          Reflect  .   (no helmet)
rElec   .          Harm     .   (no cloak)
rCorr   .          Rampage  .   (no gloves)
Will    +++++      Clarity  +   (no barding) Stlth ..........NoTele +
                                i - amulet of the Four Winds {rN+ Will+++ Clar}
HPRegen 1.29/turn               (no ring)
MPRegen 0.12/turn               (no ring)

@: strong-willed, on berserk cooldown, regenerating, slowed, very slow
A: AC +3, large, see invisible, deformed body, poison resistance, slowness 2,
spit poison 1, naga tail 1
a: Spit Poison, Renounce Religion, Berserk, Trog's Hand, Brothers in Arms


You were in the Dungeon.
You worshipped Trog.
Trog was greatly pleased with you.
You visited 1 branch You collected 1053 gold pieces.
You spent 619 gold pieces at shops.

Inventory:

Hand Weapons
 a - a +0 spear (weapon)
Armour
 b - a +0 animal skin
 j - a +2 chain mail of poison resistance (worn)
Jewellery
 i - the amulet of the Four Winds (around neck) {rN+ Will+++ Clar}
   (You bought it in a shop in the Dungeon)

   [amulet of nothing]

   rN:        It protects you from negative energy.
   Clar:      It protects you against confusion.
   Will:      It greatly increases your willpower.
Scrolls
 h - a scroll of blinking
Potions
 c - a potion of curing
 d - a potion of heal wounds
 e - a potion of haste
 f - 2 potions of magic
 g - a potion of berserk rage


   Skills:
 + Level 16.3 Fighting
 - Level 12.0 Polearms
 - Level 10.2 Armour
 + Level 4.1 Dodging


You had 9 spell levels left.
You didn't know any spells.
Your spell library was empty.

Dungeon Overview and Level Annotations

Branches:
Dungeon (1/1)

Altars:

Shops:
D :[=!(:(=:![=*?[

Annotations:
D exclusion: oklob plant


Innate Abilities, Weirdness & Mutations

Your serpentine skin is tough. (AC +3)
You have supernaturally acute eyesight. (SInv)
Armour fits poorly on your strangely shaped body.
Your system is resistant to poisons. (rPois)
You cover ground very slowly.
You can spit poison.
You have a snake-like lower body.


Message History

The boulder beetle bites you!
You puncture the boulder beetle!
The boulder beetle is almost dead.
You puncture the boulder beetle!
You kill the boulder beetle!
Trog accepts your kill.
Your Fighting skill increases to level 16!
Your Dodging skill gained 3 levels and is now at level 4!
There is an open door here.
You see here a boulder beetle corpse.
You feel a strong urge to attack something.
You are no longer berserk.
You are exhausted.
You feel yourself slow down.
You now have 434 gold pieces (gained 243).
A skeletal warrior and an iron elemental come into view.
There is an open door here.
You close the door.
A skeletal warrior opens the door.
Your skin crawls.
You feel strong-willed.
Your ogre goes berserk!
Trog will no longer gift you weapons.
The skeletal warrior hits you from afar with a +0 halberd!
The skeletal warrior hits you from afar with a +0 halberd!
Reach: a) +0 spear
Press: ? - help, Dir - move target, f - skeletal warrior
Aim: a skeletal warrior, wielding a +0 halberd (about 27% to evade your +0 spear)
You reach to attack!
You hit the skeletal warrior but do no damage.
The skeletal warrior hits you from afar with a +0 halberd.
The skeletal warrior hits you with a +0 halberd!
* * * LOW HITPOINT WARNING * * *
Your ogre barely misses the skeletal warrior.
The skeletal warrior hits you with a +0 halberd!
* * * LOW HITPOINT WARNING * * *
You hit the skeletal warrior but do no damage.
Your ogre hits the skeletal warrior with a +0 giant club!
The skeletal warrior hits you with a +0 halberd!!
You die...
K

## §§§≈≈≈ @.c≈## ;;;§
############≈c#+++#+++##
###########≈≈≈.........#
##.....∩.∩#≈≈≈≈.##'##..#
##....∩.∩.#≈≈≈≈##.#.##
##...∩.∩..#≈≈≈≈#.###.#
##....∩.z.#≈≈####)#.####
##.⌠.∩....#≈##@###+###.##
##..∩.∩...#≈#zO.##.##...#
##...∩.∩..'≈'###†.<.'##.+
##....∩.∩.#≈#...##.##.###
#▓▓▓▓▓▓▓###≈##.###'###.#
##($D######≈≈#####.#####
#!.G#J ##≈≈≈#..#..#
#∩P?+.$ #'#≈##.#.## ≈
#(($#!## #(#≈≈##'##≈≈§§


You could see a skeletal warrior (ally target) and a friendly ogre (summoned,
berserk).

Vanquished Creatures
  Kirke (D)
  A yaktaur captain (D)
  A boulder beetle (D)
  A centaur warrior (D)
  A kobold demonologist (D)
  2 wyverns (D)
  A vampire mosquito (D)
  A water moccasin (D)
  4 scorpions (D)
  3 worms (D)
16 creatures vanquished.

Vanquished Creatures (others)
  Menkaure (D)
  A water moccasin (D)
2 creatures vanquished.

Grand Total: 18 creatures vanquished

Notes
Turn   | Place    | Note
-------+----------+-------------------------------------------
     0 | D        | Ankalagon the Naga Berserker began the quest for the Orb.
     0 | D        | Reached XP level 1. HP: 21/21 MP: 1/1
     1 | D        | Noticed a wyvern
     1 | D        | Noticed a wyvern
     7 | D        | Noticed a scorpion
     7 | D        | Noticed a scorpion
    16 | D        | Killed a scorpion
    17 | D        | Reached skill level 6 in Fighting
    17 | D        | Reached XP level 2. HP: 16/33 MP: 2/2
    17 | D        | Reached XP level 3. HP: 20/40 MP: 3/3
    17 | D        | Reached XP level 4. HP: 24/48 MP: 4/4
    19 | D        | Killed a scorpion
    20 | D        | Reached skill level 7 in Fighting
    20 | D        | Reached XP level 5. HP: 24/57 MP: 5/5
    69 | D        | Killed Menkaure
   268 | D        | Reached ** piety under Trog
   393 | D        | Reached skill level 8 in Fighting
   398 | D        | Reached *** piety under Trog
   399 | D        | Reached skill level 9 in Fighting
   399 | D        | Reached XP level 6. HP: 67/69 MP: 6/6
   499 | D        | Noticed a boulder beetle
   499 | D        | Noticed a boulder beetle
   516 | D        | Killed a wyvern
   517 | D        | Reached skill level 10 in Fighting
   517 | D        | Reached skill level 10 in Polearms
   525 | D        | Killed a wyvern
   526 | D        | Reached skill level 11 in Fighting
   526 | D        | Reached XP level 7. HP: 65/81 MP: 7/7
   647 | D        | Noticed an orange crystal statue
   651 | D        | Found Luc Tow's Magic Scroll Emporium.
   652 | D        | Found Asmuuneane's Jewellery Shoppe.
   653 | D        | Found Rouraemn's Book Shoppe.
   653 | D        | Found Kytick's Jewellery Emporium.
   653 | D        | Found Veafem's Antique Weapon Shoppe.
   654 | D        | Found Ebbuas's Antique Weapon Emporium.
   654 | D        | Found Rekerus's Distillery.
   654 | D        | Found Oxez's Antique Armour Shoppe.
   654 | D        | Found Kadaub's Jewellery Emporium.
   655 | D        | Found Ehess's Antique Armour Shoppe.
   655 | D        | Found Naihog's General Store.
   655 | D        | Found Uwazext's Book Emporium.
   656 | D        | Found Keylep's Antique Armour Shoppe.
   656 | D        | Found Cigagol's Distillery.
   658 | D        | Noticed an ice dragon
   658 | D        | Noticed an oklob plant
   671 | D        | Found Efogic's Book Shoppe.
   673 | D        | Noticed a great orb of eyes
   714 | D        | Noticed a vampire mosquito
   725 | D        | Killed a vampire mosquito
   725 | D        | Reached **** piety under Trog
   951 | D        | Noticed a slime creature
   951 | D        | Noticed a slime creature
   970 | D        | Bought the amulet of the Four Winds {rN+ Will+++ Clar} for
                  | 439 gold pieces
   970 | D        | Found the amulet of the Four Winds {rN+ Will+++ Clar}
  1055 | D        | Bought a runed chain mail for 180 gold pieces
  1098 | D        | Noticed Kirke
  1098 | D        | Noticed a kobold demonologist
  1098 | D        | Noticed a yaktaur captain
  1123 | D        | Killed a yaktaur captain
  1124 | D        | Reached skill level 13 in Fighting
  1124 | D        | Reached XP level 8. HP: 30/94 MP: 8/8
  1134 | D        | Noticed a lindwurm
  1141 | D        | Killed Kirke
  1142 | D        | Reached skill level 15 in Fighting
  1142 | D        | Reached XP level 9. HP: 26/106 MP: 9/9
  1148 | D        | Noticed a hellwing
  1148 | D        | Killed a kobold demonologist
  1298 | D        | Noticed a centaur warrior
  1310 | D        | Killed a centaur warrior
  1310 | D        | Reached ***** piety under Trog
  1311 | D        | Reached skill level 10 in Armour
  1311 | D        | Reached XP level 10. HP: 52/117 MP: 10/10
  1609 | D        | Killed a boulder beetle
  1610 | D        | Reached skill level 16 in Fighting
  1615 | D        | Noticed an iron elemental
  1615 | D        | Noticed a skeletal warrior
  1624 | D        | Mangled by a skeletal warrior

Illustrated notes

Levels and vault maps discovered:
D:        the_violet_keep_of_menkaure [sprint2_stairs_cluster_1,
          sprint2_shoproom, sprint2_temple, sprint2_basic_supplies,
          sprint2_obstacle_4, sprint2_obstacle_1, sprint2_obstacle_7,
          sprint2_obstacle_2, sprint2_obstacle_6, sprint2_timed_cluster_1,
          sprint2_smallroom_cluster_1, sprint2_smallroom_final_cluster_1,
          sprint2_transparent_cluster_1, sprint2_second_timed_cluster_1,
          sprint2_sniper_area_1, sprint2_heavy_combat_area_1,
          sprint2_mutation_trap_area_1, sprint2_forest_area_1,
          sprint2_light_combat_area_1, sprint2_behind_water_1,
          sprint2_near_end_vault_1]

Skill      XL: |  1  2  3  4  5  6  7  8  9 10 |
---------------+-------------------------------+-----
Fighting       | 6 7 9 11 13 15 16 | 16.3
Polearms       | 6 7 9 11 12 | 12.0
Armour         | 6 9 10 | 10.2
Dodging        | 4 |  4.1

Action                   |  1- 3 |  4- 6 |  7- 9 | 10-12 || total
-------------------------+-------+-------+-------+-------++-------
Melee: Spear             |     8 |    42 |    65 |    22 ||   137
Invok: Berserk           |     1 |     3 |     5 |     1 ||    10
       Trog's Hand       |       |     1 |     1 |     1 ||     3
       Brothers in Arms  |       |       |       |     1 ||     1
Armor: Animal skin       |       |     3 |     4 |       ||     7
       Chain mail        |       |       |    14 |     1 ||    15
Dodge: Dodged            |     2 |     9 |    11 |       ||    22

Table legend: (Time is in decaauts)
 A = Elapsed time spent in this place.
 B = Non-inter-level travel time spent in this place.
 C = Inter-level travel time spent in this place.
 D = Time resting spent in this place.
 E = Time spent auto-exploring this place.
 F = Levels seen in this place.
 G = Mean time per level.
                   A        B        C        D        E       F      G
               +--------+--------+--------+--------+--------+-----+--------+
         Total |   1747 |   1746 |      1 |   1213 |    155 |   1 | 1747.0 |
       Dungeon |   1747 |   1746 |      1 |   1213 |    155 |   1 | 1747.0 |
               +--------+--------+--------+--------+--------+-----+--------+

Top non-repeatable levels by time:
       D: 1747 daAuts
